[Event "Titled Tuesday Blitz July 25 Early 2023"]
[White "Goldin, Roman"]
[Black "Cherniaiev, Tykhon"]
[WhiteFideId "2803860"]
[BlackFideId "14182360"]
[WhiteElo "2440"]
[BlackElo "2700"]
[Result "0-1"]
[Round "3"]
[TimeControl "180+2"]
[Date "2023.07.25"]
[WhiteClock "0:00:02"]
[BlackClock "0:00:22"]
[Board "100"]

1. Nf3 Nf6 2. e3 d5 3. b4 g6 4. Bb2 Bg7 5. c4 dxc4 6. Bxc4 O-O 7. O-O a5 8. b5 b6 9. Qc2 Bb7 10. Be2 Nbd7 11. d3 Rc8 12. Na3 c6 13. bxc6 Rxc6 14. Qd2 Nc5 15. Rab1 Rd6 16. Nc4 Rc6 17. Bd4 Ba6 18. Nxb6 Rxb6 19. Bxc5 Rxb1 20. Rxb1 a4 21. Qb4 Nd5 22. Qxa4 Nc3 23. Qxa6 Nxb1 24. d4 Nc3 25. Bc4 Qa8 26. Bxe7 Qxa6 27. Bxa6 Ra8 28. Bc4 Bf8 29. Bxf8 Kxf8 30. h4 Rc8 31. Bb3 Ne4 32. Ne5 f6 33. Nc4 Ke7 34. f3 Nc3 35. Kf2 Ra8 36. a3 Rb8 37. Bc2 Rc8 38. Bd3 Nd5 39. e4 Nf4 40. Bf1 Ne6 41. g3 Nxd4 42. Ke3 Ne6 43. f4 Rb8 44. Bd3 Rb3 45. Kd2 Nc5 46. Bc2 Rxg3 47. e5 fxe5 48. fxe5 Rg4 49. Kc3 Rxh4 50. Kb4 Nd7 51. a4 Nxe5 52. Bb3 Nxc4 0-1


[Site "https://www.chess.com"]

[Event "Titled Tuesday Blitz July 25 Early 2023"]
[White "Vaishali, Rameshbabu"]
[Black "Vivas Zamora, Fabian Ernesto"]
[WhiteFideId "5091756"]
[BlackFideId "3902480"]
[WhiteElo "2698"]
[BlackElo "2440"]
[Result "1-0"]
[Round "3"]
[TimeControl "180+2"]
[Date "2023.07.25"]
[WhiteClock "0:00:05"]
[BlackClock "0:00:01"]
[Board "101"]

1. Nf3 Nf6 2. g3 g6 3. b3 Bg7 4. Bb2 O-O 5. Bg2 d5 6. c4 Nc6 7. cxd5 Nxd5 8. Bxg7 Kxg7 9. Qc1 e5 10. Qb2 Re8 11. Na3 Qf6 12. d3 Bg4 13. O-O Rad8 14. Nc4 Bxf3 15. Bxf3 Nd4 16. Bg2 b5 17. Ne3 e4 18. Kh1 c6 19. dxe4 Nb6 20. Rad1 c5 21. Rd2 Nc6 22. Qxf6+ Kxf6 23. Nd5+ Nxd5 24. exd5 Nb4 25. e4 a5 26. Rc1 Na6 27. f4 h5 28. e5+ Ke7 29. d6+ Kf8 30. Bc6 b4 31. Bb5 Nb8 32. Rxc5 Rc8 33. Rxc8 Rxc8 34. Kg2 Rc5 35. d7 1-0


[Site "https://www.chess.com"]

[Event "Titled Tuesday Blitz July 25 Early 2023"]
[White "Ionescu, Mihai"]
[Black "Antonio, Rogelio Jr"]
[WhiteFideId "1202499"]
[BlackFideId "5200032"]
[WhiteElo "2437"]
[BlackElo "2690"]
[Result "0-1"]
[Round "3"]
[TimeControl "180+2"]
[Date "2023.07.25"]
[WhiteClock "0:00:03"]
[BlackClock "0:01:10"]
[Board "102"]

1. Nf3 Nf6 2. c4 g6 3. b3 Bg7 4. Bb2 O-O 5. g3 d6 6. Bg2 e5 7. d3 Nfd7 8. Qc2 Nc6 9. a3 a5 10. O-O h6 11. Nbd2 Nc5 12. Bc3 g5 13. b4 axb4 14. axb4 Rxa1 15. Rxa1 Nxb4 16. Bxb4 e4 17. Bc3 exf3 18. Bxf3 Re8 19. Ne4 Nxe4 20. Bxe4 c6 21. Bxg7 Kxg7 22. Qb2+ Qf6 23. Rb1 Re7 24. Qxf6+ Kxf6 25. Rb2 Kg7 26. Kf1 Re5 27. Ke1 Ra5 28. Kd2 Kf6 29. Ke3 Ke7 30. Bg2 Kd8 31. f4 Kc7 32. fxg5 hxg5 33. h4 gxh4 34. gxh4 Rh5 35. Rb1 Rxh4 36. Rh1 Rxh1 37. Bxh1 Be6 38. Kd4 Bg4 39. e3 f6 40. Kc3 c5 41. d4 Bd7 42. dxc5 dxc5 43. Bd5 b6 44. Kd3 Kd6 45. Bg8 Ke5 46. Bf7 Bf5+ 47. Kd2 Be6 48. Bg6 Bxc4 49. Kc3 Be6 50. Bc2 b5 51. Bd3 b4+ 52. Kb2 c4 53. Bb1 Bd5 54. Bh7 c3+ 55. Kc2 Be4+ 56. Bxe4 Kxe4 57. Kb3 Kd3 0-1


[Site "https://www.chess.com"]

[Event "Titled Tuesday Blitz July 25 Early 2023"]
[White "Manukian, Artak"]
[Black "Gorovets, Andrey"]
[WhiteFideId "13301373"]
[BlackFideId "13504037"]
[WhiteElo "2434"]
[BlackElo "2679"]
[Result "0-1"]
[Round "3"]
[TimeControl "180+2"]
[Date "2023.07.25"]
[WhiteClock "0:00:04"]
[BlackClock "0:00:09"]
[Board "103"]

1. e4 c5 2. Nf3 Nc6 3. c3 Nf6 4. e5 Nd5 5. d4 cxd4 6. cxd4 g6 7. Nc3 Nxc3 8. bxc3 d6 9. Bb5 a6 10. Bxc6+ bxc6 11. O-O Bg7 12. Bf4 O-O 13. exd6 exd6 14. Qd2 Bg4 15. Ne1 Re8 16. Bh6 Bh8 17. Nd3 c5 18. Nf4 cxd4 19. cxd4 Re4 20. f3 Rxd4 21. Qe3 Bf5 22. Rad1 Rxd1 23. Rxd1 Be5 24. Nd5 Be6 25. Bf4 Bxf4 26. Qxf4 Rc8 27. h4 Rc5 28. Nf6+ Kg7 29. Ne4 Rf5 30. Qxd6 Qxd6 31. Rxd6 Ra5 32. Nc3 Bxa2 33. Nxa2 Rxa2 34. Kh2 h5 35. Kh3 Ra3 36. Kg3 Kf8 37. Rb6 Ra4 38. Kh3 Kg7 39. g4 hxg4+ 40. fxg4 a5 41. h5 gxh5 42. gxh5 Ra1 43. Kg2 a4 44. Ra6 a3 45. Kh2 a2 46. Kg2 f6 47. Kh2 Kf7 48. Kg2 Kg7 49. Kh2 f5 50. Kg2 f4 51. h6+ Kh7 52. Kh2 f3 0-1


[Site "https://www.chess.com"]

[Event "Titled Tuesday Blitz July 25 Early 2023"]
[White "Rosh Jain"]
[Black "Mohammad Fahad, Rahman"]
[WhiteFideId "25789465"]
[BlackFideId "10207791"]
[WhiteElo "2433"]
[BlackElo "2678"]
[Result "1/2-1/2"]
[Round "3"]
[TimeControl "180+2"]
[Date "2023.07.25"]
[WhiteClock "0:00:04"]
[BlackClock "0:00:08"]
[Board "104"]

1. e4 d6 2. d4 g6 3. Nc3 Bg7 4. f4 Nf6 5. Nf3 Nbd7 6. e5 Ng4 7. Bc4 Nb6 8. Bb3 O-O 9. O-O c5 10. h3 cxd4 11. Qxd4 dxe5 12. Qxd8 Rxd8 13. hxg4 exf4 14. Bxf4 Bxg4 15. Rad1 e6 16. Rxd8+ Rxd8 17. Rd1 Rxd1+ 18. Nxd1 e5 19. Be3 e4 20. Nf2 exf3 21. Nxg4 fxg2 22. Kxg2 Bxb2 23. Nh6+ Kg7 24. Nxf7 h5 25. Bh6+ Kf6 26. Ng5 Kf5 27. Nf3 Bf6 28. Be3 g5 29. Nd4+ Ke4 30. Bxg5 Bxg5 31. Nb5 a5 32. a4 Bf4 33. Kh3 Nd7 34. Nc3+ Kf5 35. Bd5 b6 36. Nb5 Nc5 37. Bc6 Be5 38. Na7 Bf6 39. Nc8 Ke5 40. Nxb6 Kd6 41. Bb5 Ne4 42. Nc4+ Kc5 43. Nxa5 Nf2+ 44. Kg2 Nd1 45. Nb7+ Kb6 46. Nd6 Ne3+ 47. Kf3 Nxc2 48. Nc4+ Kc5 49. Nd2 Nd4+ 50. Kg3 h4+ 51. Kg4 Kd5 52. Bf1 Nc2 53. a5 Ne3+ 54. Kh3 Bc3 55. a6 Kc6 56. a7 Kb7 57. Ne4 Nxf1 58. Nxc3 Kxa7 59. Kxh4 1/2-1/2


[Site "https://www.chess.com"]

[Event "Titled Tuesday Blitz July 25 Early 2023"]
[White "Silva Lucena, Cristian"]
[Black "Skliarov, Viktor"]
[WhiteFideId "2232588"]
[BlackFideId "14106736"]
[WhiteElo "2433"]
[BlackElo "2678"]
[Result "0-1"]
[Round "3"]
[TimeControl "180+2"]
[Date "2023.07.25"]
[WhiteClock "0:00:38"]
[BlackClock "0:00:24"]
[Board "105"]

1. e4 c5 2. Nf3 Nc6 3. d4 cxd4 4. Nxd4 Nf6 5. Nc3 e5 6. Ndb5 d6 7. Bg5 a6 8. Na3 b5 9. Nd5 Be7 10. Bxf6 Bxf6 11. c3 O-O 12. Nc2 Rb8 13. a4 bxa4 14. Ncb4 Nxb4 15. Nxb4 Bd7 16. Bxa6 Qa5 17. Bd3 d5 18. Nxd5 Rxb2 19. O-O Bg5 20. Qh5 h6 21. h4 g6 22. Qf3 Bxh4 23. Bc4 Kg7 24. g3 Bd8 25. Nb4 h5 26. Qd3 Bh3 27. Rfe1 Bb6 28. Re2 Rxe2 29. Qxe2 Bc5 30. Nd5 a3 31. Qf3 Qd8 32. Rb1 Bg4 33. Qd3 h4 34. Rb7 Qg5 35. Rc7 Qc1+ 36. Kg2 h3+ 37. Kh2 Bxf2 38. Qf1 Qxf1 39. Bxf1 Ra8 40. Bc4 a2 41. Nb4 a1=Q 42. Rxf7+ Kh6 43. Rxf2 Qxc3 0-1


[Site "https://www.chess.com"]

[Event "Titled Tuesday Blitz July 25 Early 2023"]
[White "Oleksiyenko, Mykhaylo"]
[Black "Pourkashiyan, Atousa"]
[WhiteFideId "4152417"]
[BlackFideId "12502014"]
[WhiteElo "2670"]
[BlackElo "2429"]
[Result "1-0"]
[Round "3"]
[TimeControl "180+2"]
[Date "2023.07.25"]
[WhiteClock "0:01:52"]
[BlackClock "0:01:07"]
[Board "106"]

1. e4 c5 2. Nf3 e6 3. d4 cxd4 4. Nxd4 a6 5. c4 Nf6 6. Nc3 Bb4 7. Qd3 Nc6 8. Nxc6 dxc6 9. Qxd8+ Kxd8 10. e5 Ne4 11. a3 Bxc3+ 12. bxc3 Nxc3 13. a4 Ne4 14. Be3 f6 15. Bd3 Ng5 16. O-O-O Ke8 17. Rhe1 Nf7 18. exf6 gxf6 19. Bd4 e5 20. f4 Bg4 21. fxe5 f5 22. e6 Nd6 23. Bxh8 Bxd1 24. Rxd1 Ke7 25. Bd4 1-0


[Site "https://www.chess.com"]

[Event "Titled Tuesday Blitz July 25 Early 2023"]
[White "Shuvalova, Polina"]
[Black "JonSnowNW1"]
[WhiteFideId "24171760"]
[WhiteElo "2663"]
[BlackElo "2429"]
[Result "1-0"]
[Round "3"]
[TimeControl "180+2"]
[Date "2023.07.25"]
[WhiteClock "0:00:23"]
[BlackClock "0:00:02"]
[Board "107"]

1. f4 c5 2. g3 Nc6 3. Bg2 g6 4. Nf3 Bg7 5. O-O d6 6. e4 Nf6 7. d3 O-O 8. Nc3 Rb8 9. a4 a6 10. Kh1 Bd7 11. Be3 Qc8 12. d4 cxd4 13. Nxd4 Bh3 14. Qd2 Bxg2+ 15. Kxg2 Rd8 16. Rae1 e5 17. Nxc6 Qxc6 18. Qd3 d5 19. exd5 Nxd5 20. Nxd5 Rxd5 21. Qe4 f5 22. Qf3 e4 23. Qe2 Bxb2 24. c4 Rd3 25. Qxb2 Qxa4 26. Re2 Qxc4 27. Rff2 b5 28. Qf6 Qf7 29. Qxa6 b4 30. Bc1 Qd5 31. Kh3 Rf8 32. Bb2 h6 33. Qb6 Qf7 34. Qxb4 g5 35. Kg2 gxf4 36. Rxf4 Qd5 37. Qe7 e3+ 38. Kh3 Qf7 39. Qxf7+ Rxf7 40. Rf3 Re7 41. Rxf5 Rb3 42. Bd4 Rd3 43. Bc5 Rd2 44. Rxe3 1-0


[Site "https://www.chess.com"]

[Event "Titled Tuesday Blitz July 25 Early 2023"]
[White "Danielyan, Vahe"]
[Black "Carrasco Miranda, Andres"]
[WhiteFideId "13304828"]
[BlackFideId "3405990"]
[WhiteElo "2661"]
[BlackElo "2429"]
[Result "1-0"]
[Round "3"]
[TimeControl "180+2"]
[Date "2023.07.25"]
[WhiteClock "0:01:20"]
[BlackClock "0:00:02"]
[Board "108"]

1. d4 Nf6 2. Nc3 d5 3. Bf4 g6 4. Qd2 Bg7 5. O-O-O c6 6. f3 b5 7. Kb1 Nbd7 8. Bh6 Bxh6 9. Qxh6 Nb6 10. e3 Nc4 11. Bxc4 bxc4 12. Nge2 Rb8 13. Ka1 Qb6 14. Rb1 Bf5 15. Rhc1 a5 16. g4 Be6 17. h4 a4 18. a3 Nd7 19. h5 gxh5 20. gxh5 c5 21. Qg7 Rf8 22. Qxh7 Nf6 23. Qh6 Bf5 24. Qf4 cxd4 25. Nxd4 Bh7 26. Nxa4 Qd6 27. Qxd6 exd6 28. Nc3 Kd7 29. Rg1 Rg8 30. h6 Ra8 31. a4 Rge8 32. Rbe1 Rg8 33. Ka2 Rxg1 34. Rxg1 Re8 35. Rg7 Rxe3 36. Rxf7+ 1-0


[Site "https://www.chess.com"]

[Event "Titled Tuesday Blitz July 25 Early 2023"]
[White "Seemann, Jakub"]
[Black "Dinu, Dumitru-Daniel"]
[WhiteFideId "21874697"]
[BlackFideId "1208403"]
[WhiteElo "2660"]
[BlackElo "2429"]
[Result "0-1"]
[Round "3"]
[TimeControl "180+2"]
[Date "2023.07.25"]
[WhiteClock "0:00:58"]
[BlackClock "0:00:28"]
[Board "109"]

1. d4 Nf6 2. c4 e6 3. Nf3 Bb4+ 4. Nbd2 b6 5. g3 Bb7 6. Bg2 O-O 7. O-O a5 8. a3 Bxd2 9. Qxd2 a4 10. Qc2 Be4 11. Qc3 Nc6 12. Bf4 Na5 13. Rad1 d5 14. cxd5 Nxd5 15. Qe1 Nb3 16. Ne5 Bc2 17. Rc1 Nxc1 18. Qxc1 Bb3 19. Nc6 Qd7 20. h4 Nxf4 21. Qxf4 Bd5 22. Ne5 Qd6 23. e4 Bb7 24. Qe3 Rad8 25. Rd1 c5 26. Nc4 cxd4 27. Nxd6 dxe3 28. fxe3 e5 29. Bf3 Ba8 30. Nc4 Rxd1+ 31. Bxd1 Rc8 32. Be2 Bxe4 33. Nxb6 Rc1+ 34. Kf2 Rc2 35. Nxa4 Bd3 36. Nc3 Rxb2 37. Ke1 Bxe2 38. Nxe2 Ra2 39. Kf2 Rxa3 40. Kf3 f5 41. g4 f4 0-1


[Site "https://www.chess.com"]

[Event "Titled Tuesday Blitz July 25 Early 2023"]
[White "Haug, Havard"]
[Black "Krzywda, Andrzej"]
[WhiteFideId "1547887"]
[BlackFideId "1114565"]
[WhiteElo "2659"]
[BlackElo "2427"]
[Result "1-0"]
[Round "3"]
[TimeControl "180+2"]
[Date "2023.07.25"]
[WhiteClock "0:02:22"]
[BlackClock "0:01:23"]
[Board "110"]

1. e4 e5 2. Nc3 Nf6 3. Bc4 Nc6 4. d3 Bb4 5. Ne2 d5 6. exd5 Nxd5 7. Bxd5 Qxd5 8. O-O Qd7 9. f4 O-O 10. f5 Nd4 11. f6 Qg4 12. Nxd4 Qxd4+ 13. Kh1 Bxc3 14. bxc3 Qxc3 15. Qh5 e4 16. Qg5 Qxa1 17. Qxg7# 1-0


[Site "https://www.chess.com"]

[Event "Titled Tuesday Blitz July 25 Early 2023"]
[White "Begunov, Konstantin"]
[Black "Hilary46"]
[WhiteFideId "4118510"]
[WhiteElo "2425"]
[BlackElo "2639"]
[Result "1-0"]
[Round "3"]
[TimeControl "180+2"]
[Date "2023.07.25"]
[WhiteClock "0:00:14"]
[BlackClock "0:00:01"]
[Board "111"]

1. d4 d5 2. c4 e6 3. Nc3 c6 4. cxd5 exd5 5. Nf3 Nf6 6. Bg5 h6 7. Bh4 Bf5 8. e3 Nbd7 9. Bd3 Bxd3 10. Qxd3 Bd6 11. O-O O-O 12. Rab1 a6 13. b4 b5 14. e4 dxe4 15. Nxe4 Be7 16. Rfe1 Nxe4 17. Bxe7 Qxe7 18. Rxe4 Qd6 19. a3 Rfe8 20. Rbe1 Rxe4 21. Qxe4 a5 22. bxa5 Rxa5 23. Qe8+ Nf8 24. Ne5 Qe6 25. Nxc6 Qxe8 26. Rxe8 Rxa3 27. g3 g6 28. Rb8 Rb3 29. Kg2 Kg7 30. Rb7 Rd3 31. Ne5 Rxd4 32. Rxf7+ Kg8 33. Rb7 Rd5 34. f4 g5 35. Kf3 gxf4 36. gxf4 Ne6 37. Ke4 Rd4+ 38. Kf5 Ng7+ 39. Kg4 Rd5 40. h4 Rc5 41. h5 Rd5 42. Rb8+ Kh7 43. Ng6 Nxh5 44. Nf8+ Kg7 45. Ne6+ Kf6 46. Nc7 Rc5 47. Nxb5 Ng7 48. Rb6+ Ne6 49. Nd4 Kf7 50. Nxe6 Rc1 51. Nd4 Rg1+ 52. Kf5 h5 53. Nf3 Rg3 54. Rb7+ Kg8 55. Ng5 h4 56. Kg6 Kf8 57. f5 1-0


[Site "https://www.chess.com"]

[Event "Titled Tuesday Blitz July 25 Early 2023"]
[White "Martic, Ivan"]
[Black "Nunez V, Gustavo Eduardo"]
[WhiteFideId "929301"]
[BlackFideId "4403690"]
[WhiteElo "2627"]
[BlackElo "2424"]
[Result "1-0"]
[Round "3"]
[TimeControl "180+2"]
[Date "2023.07.25"]
[WhiteClock "0:00:44"]
[BlackClock "0:01:17"]
[Board "112"]

1. d4 Nf6 2. Nf3 g6 3. c4 Bg7 4. g3 O-O 5. Bg2 d6 6. O-O Nbd7 7. Nc3 e5 8. e4 Re8 9. h3 exd4 10. Nxd4 Nc5 11. Qc2 c6 12. Be3 Qc7 13. Rad1 a6 14. Rfe1 b5 15. b4 Ne6 16. cxb5 Nxd4 17. Bxd4 cxb5 18. Bxf6 Bxf6 19. e5 Bf5 20. Qd2 Bxe5 21. Bxa8 Rxa8 22. Nd5 Qd8 23. f4 Bg7 24. Ne7+ Kh8 25. Nxf5 gxf5 26. Qxd6 Qxd6 27. Rxd6 Bc3 28. Red1 Kg7 29. a3 a5 30. R6d5 axb4 31. axb4 Rb8 32. Rxf5 Bxb4 33. Rb1 Bd2 34. Rbxb5 Ra8 35. Rb7 Be3+ 36. Kg2 Ra2+ 37. Kf3 Bd4 38. Rfxf7+ Kg6 39. Rfd7 Ra3+ 40. Ke4 Ra4 41. Rxd4 Ra6 42. Rdb4 Re6+ 43. Kf3 Re1 44. R4b6+ Kf5 45. g4# 1-0


[Site "https://www.chess.com"]

[Event "Titled Tuesday Blitz July 25 Early 2023"]
[White "Rangel, Daniel"]
[Black "Ganiev, Roman"]
[WhiteFideId "2124475"]
[BlackFideId "4131452"]
[WhiteElo "2420"]
[BlackElo "2623"]
[Result "1-0"]
[Round "3"]
[TimeControl "180+2"]
[Date "2023.07.25"]
[WhiteClock "0:00:12"]
[BlackClock "0:00:09"]
[Board "113"]

1. c4 e5 2. g3 Nc6 3. Bg2 g6 4. Nc3 Bg7 5. e3 Nf6 6. Nge2 O-O 7. O-O d6 8. b3 Be6 9. Nd5 Bxd5 10. cxd5 Nb4 11. Nc3 a5 12. Qe2 h5 13. d3 h4 14. e4 Qd7 15. Bg5 hxg3 16. fxg3 Nh7 17. Be3 Na6 18. Qd2 Nc5 19. Nd1 Qe7 20. Nf2 f5 21. Bh3 f4 22. Bxc5 dxc5 23. Be6+ Kh8 24. gxf4 exf4 25. Rac1 Ng5 26. Bg4 Bd4 27. Kh1 Be3 28. Qc3+ Bd4 29. Qc2 b6 30. Nh3 Nxh3 31. Bxh3 Qh4 32. Rf3 g5 33. Qg2 Rf7 34. Bg4 Kg7 35. Rcf1 Qh6 36. Rh3 Qf6 37. Bf5 Rh8 38. Rxh8 Kxh8 39. Rf3 Kg7 40. Rxf4 Kf8 41. Rg4 Ke7 42. Rxg5 Be3 43. h4 Bxg5 44. hxg5 Qa1+ 45. Kh2 Qe5+ 46. Kh3 Rf8 47. Kg4 b5 48. g6 Rh8 49. Qg3 Kf6 50. Qxe5+ Kxe5 51. Kg5 Rg8 52. Be6 Rg7 53. Bf7 a4 54. bxa4 bxa4 55. Be6 a3 56. Bf7 Kd6 57. Kf6 Rxg6+ 58. Bxg6 c4 59. e5+ Kc5 60. dxc4 Kxc4 61. e6 Kxd5 62. e7 c5 63. e8=Q Kd4 64. Qe5+ Kc4 65. Qe4+ Kc3 66. Qc2+ Kb4 67. Qb3+ Ka5 68. Be8 Ka6 69. Qb5+ Ka7 70. Bc6 1-0


[Site "https://www.chess.com"]

[Event "Titled Tuesday Blitz July 25 Early 2023"]
[White "Lenaerts, Lennert"]
[Black "Goncalves, Davi Sulzbacher"]
[WhiteFideId "211435"]
[BlackFideId "2154510"]
[WhiteElo "2616"]
[BlackElo "2420"]
[Result "1-0"]
[Round "3"]
[TimeControl "180+2"]
[Date "2023.07.25"]
[WhiteClock "0:00:52"]
[BlackClock "0:00:01"]
[Board "114"]

1. d4 Nf6 2. c4 e6 3. Nc3 Bb4 4. g3 d5 5. Bg2 O-O 6. Nf3 c5 7. dxc5 Ne4 8. Qb3 Nc6 9. cxd5 exd5 10. O-O Nxc3 11. bxc3 Bxc5 12. Rd1 Be6 13. Qxb7 Na5 14. Qb5 Qb6 15. Qxb6 axb6 16. Bf4 Nc4 17. Nd4 Ra3 18. Nb5 Ra5 19. Nc7 Bg4 20. Bxd5 Bxe2 21. Re1 Bd3 22. Rad1 Nb2 23. Rd2 Ba3 24. Bb3 g5 25. Be3 Bc4 26. Bxb6 Rf5 27. Rxb2 Bxb2 28. Bxc4 Bxc3 29. Re3 Bd2 30. Re2 Bb4 31. Nd5 Bd6 32. Bc7 Rxd5 33. Bxd5 Bxc7 34. Re7 Bd6 35. Rd7 Be5 36. a4 Bc3 37. Ra7 Kg7 38. a5 Kg6 39. a6 f6 40. Rd7 1-0


[Site "https://www.chess.com"]

[Event "Titled Tuesday Blitz July 25 Early 2023"]
[White "Lamaze, Simon"]
[Black "Balla, Tamas-Kristof"]
[WhiteFideId "36069264"]
[BlackFideId "1208497"]
[WhiteElo "2615"]
[BlackElo "2418"]
[Result "1-0"]
[Round "3"]
[TimeControl "180+2"]
[Date "2023.07.25"]
[WhiteClock "0:01:00"]
[BlackClock "0:00:12"]
[Board "115"]

1. e4 c5 2. Nf3 Nc6 3. d4 cxd4 4. Nxd4 e5 5. Nb5 d6 6. N1c3 a6 7. Na3 b5 8. Nd5 Nge7 9. c4 Nxd5 10. exd5 Nd4 11. Bd3 Be7 12. cxb5 O-O 13. Be3 Nf5 14. Bd2 axb5 15. Nxb5 Qb6 16. O-O e4 17. Be2 e3 18. Be1 Bf6 19. a4 Bd7 20. a5 Qb7 21. Qd3 Rfe8 22. g4 exf2+ 23. Bxf2 Rxe2 24. Qxe2 Bxb5 25. a6 Bxa6 26. Rxa6 Qxa6 27. Qxa6 Rxa6 28. gxf5 h6 29. b4 Ra4 30. Rb1 Ra7 31. Bxa7 1-0


[Site "https://www.chess.com"]

[Event "Titled Tuesday Blitz July 25 Early 2023"]
[White "Zacurdajev, Dmitry"]
[Black "NicolaiMaxime"]
[WhiteFideId "4196309"]
[WhiteElo "2418"]
[BlackElo "2607"]
[Result "0-1"]
[Round "3"]
[TimeControl "180+2"]
[Date "2023.07.25"]
[WhiteClock "0:00:05"]
[BlackClock "0:00:11"]
[Board "116"]

1. d4 Nf6 2. c4 e6 3. Nc3 Bb4 4. Qc2 d5 5. a3 Bxc3+ 6. Qxc3 Ne4 7. Qc2 c5 8. dxc5 Nc6 9. Nf3 O-O 10. e3 Qa5+ 11. Bd2 Nxd2 12. Qxd2 Qxc5 13. b4 Qb6 14. c5 Qc7 15. Be2 a5 16. b5 Ne7 17. Rc1 Bd7 18. a4 Rfc8 19. O-O e5 20. Bd1 Bg4 21. h3 Bh5 22. Ng5 Bg6 23. Bb3 h6 24. Nf3 Be4 25. Qe2 Bxf3 26. Qxf3 e4 27. Qh5 g6 28. Qxh6 Qe5 29. Rfd1 Rc7 30. Qf4 Qxf4 31. exf4 Rd8 32. Rd4 Kg7 33. g4 Rdd7 34. Kg2 Rd8 35. Kg3 f5 36. f3 fxg4 37. hxg4 exf3 38. Kxf3 Rcd7 39. Rcd1 Rc7 40. Bxd5 Rxc5 41. Bxb7 Rc3+ 42. Kf2 Rf8 43. Bf3 Rc2+ 44. Kg3 Rc3 45. R1d3 Rc1 46. Rd7 Rf7 47. Bd5 Nf5+ 48. gxf5 Rxd7 49. Be4 Rxd3+ 50. Bxd3 Rc3 51. fxg6 Rxd3+ 52. Kg4 Ra3 53. b6 Rxa4 54. Kg5 Rb4 55. f5 Rb5 56. b7 Rxb7 57. f6+ Kg8 58. Kh6 a4 59. f7+ Rxf7 60. gxf7+ Kxf7 61. Kg5 a3 62. Kf4 a2 63. Ke3 a1=Q 0-1


[Site "https://www.chess.com"]

[Event "Titled Tuesday Blitz July 25 Early 2023"]
[White "Pinero Rodriguez, Carlos Jose"]
[Black "i_like_explosions"]
[WhiteFideId "3901726"]
[WhiteElo "2605"]
[BlackElo "2417"]
[Result "1-0"]
[Round "3"]
[TimeControl "180+2"]
[Date "2023.07.25"]
[WhiteClock "0:01:31"]
[BlackClock "0:00:07"]
[Board "117"]

1. b3 Nf6 2. Bb2 g6 3. Bxf6 exf6 4. d4 f5 5. e3 Bg7 6. g3 O-O 7. Bg2 d5 8. h4 c6 9. Ne2 Nd7 10. O-O Nf6 11. c4 Be6 12. Nd2 Ne4 13. cxd5 Bxd5 14. Nf4 Nxd2 15. Qxd2 Bxg2 16. Kxg2 Qd6 17. Rac1 Rad8 18. Qe2 Rfe8 19. Qf3 Re4 20. Rc2 Qa3 21. Rfc1 a5 22. Ne2 Re7 23. Nc3 Qd6 24. Na4 Qa3 25. Nc5 Rc7 26. Qe2 Bf8 27. Nd3 a4 28. Rb1 axb3 29. Rxb3 Qa6 30. Ne5 Ra8 31. Qf3 Qa5 32. Rcb2 Ra7 33. Nc4 Qe1 34. Rb1 Qxb1 35. Rxb1 Rxa2 36. Rb2 Ra6 37. Qd1 b5 38. Nd2 Ba3 39. Rc2 Bd6 40. Nb3 Ra3 41. Nc5 b4 42. Qb1 Bxc5 43. Rxc5 Rb7 44. Rxc6 b3 45. Rc3 Kg7 46. Kf1 Kf6 47. Ke2 Rb4 48. Kd3 Ke6 49. f3 Kd5 50. e4+ fxe4+ 51. fxe4+ Kd6 52. Qf1 b2 53. Qf6+ Kd7 54. Qxf7+ Kd6 55. Qf8+ Kd7 56. Qxb4 1-0


[Site "https://www.chess.com"]

[Event "Titled Tuesday Blitz July 25 Early 2023"]
[White "Rietze, Clemens, Dr."]
[Black "Sipila, Vilka"]
[WhiteFideId "24620351"]
[BlackFideId "505455"]
[WhiteElo "2416"]
[BlackElo "2598"]
[Result "0-1"]
[Round "3"]
[TimeControl "180+2"]
[Date "2023.07.25"]
[WhiteClock "0:00:02"]
[BlackClock "0:00:29"]
[Board "118"]

1. d4 f5 2. c4 Nf6 3. Nc3 g6 4. h4 h6 5. Nh3 d6 6. Nf4 Rg8 7. h5 g5 8. Ng6 Bg7 9. e3 Nc6 10. d5 Ne5 11. Nxe5 dxe5 12. c5 e6 13. Bc4 exd5 14. Nxd5 Nxd5 15. Bxd5 Rf8 16. c6 Rb8 17. Qb3 Rf6 18. cxb7 Bd7 19. Bd2 c6 20. Bc4 Qb6 21. Qxb6 axb6 22. Ba6 c5 23. a4 Bc6 24. Bc3 Rd6 25. Ke2 Bxg2 26. Rhd1 Ke7 27. Rxd6 Kxd6 28. Rd1+ Ke7 29. f3 g4 30. fxg4 fxg4 31. Rd2 Bxb7 32. Bb5 Bf3+ 33. Kf2 Rb7 34. Bc4 Bf6 35. Kg3 Rc7 36. Bd5 e4 37. Rf2 Bxc3 38. bxc3 c4 39. Rb2 Rd7 40. Rb5 Kd8 41. Bxc4 Rd1 42. Rd5+ Rxd5 43. Bxd5 Ke7 44. Bb7 Kd6 45. Bc8 Ke5 46. Bxg4 Bh1 47. Bc8 Bf3 48. Bb7 Bxh5 49. Kh4 Be8 0-1


[Site "https://www.chess.com"]

[Event "Titled Tuesday Blitz July 25 Early 2023"]
[White "Veiga, Jose Francisco R P Neves"]
[Black "Rios Escobar, Adan"]
[WhiteFideId "1930087"]
[BlackFideId "3403645"]
[WhiteElo "2594"]
[BlackElo "2416"]
[Result "1-0"]
[Round "3"]
[TimeControl "180+2"]
[Date "2023.07.25"]
[WhiteClock "0:00:04"]
[BlackClock "0:00:04"]
[Board "119"]

1. c4 Nf6 2. Nc3 g6 3. e4 d6 4. g3 Bg7 5. Bg2 c5 6. Nge2 Nc6 7. O-O h5 8. h3 h4 9. g4 Nxg4 10. hxg4 Bxg4 11. f3 h3 12. fxg4 hxg2 13. Kxg2 Qd7 14. Ng3 Rh4 15. d3 O-O-O 16. Rh1 Rdh8 17. Bg5 Rxh1 18. Nxh1 Bxc3 19. bxc3 Ne5 20. Nf2 f5 21. Bf4 Nxg4 22. Nxg4 fxg4 23. Qe2 g3 24. Rh1 Rxh1 25. Kxh1 Qh3+ 26. Kg1 e5 27. Bd2 Kc7 28. Be1 g2 29. Qxg2 Qxd3 30. Qxg6 Qxc4 31. Qg2 a5 32. Qc2 a4 33. Kf2 a3 34. Ke3 b5 35. Kd2 Qf1 36. Qd3 Qg2+ 37. Qe2 Qg5+ 38. Kc2 Qf4 39. Bd2 Qh4 40. Bc1 Qh3 41. Bxa3 Qe6 42. Kb1 Qg6 43. Bc1 Qg1 44. Kb2 Qg3 45. Qxb5 Qg2+ 46. Kb3 Qxe4 47. Qc4 Qb1+ 48. Bb2 Qd1+ 49. Ka3 1-0


[Site "https://www.chess.com"]

[Event "Titled Tuesday Blitz July 25 Early 2023"]
[White "Hoffmann, Asa"]
[Black "Tologon tegin, Semetei"]
[WhiteFideId "2001470"]
[BlackFideId "13800574"]
[WhiteElo "2415"]
[BlackElo "2588"]
[Result "0-1"]
[Round "3"]
[TimeControl "180+2"]
[Date "2023.07.25"]
[WhiteClock "0:01:27"]
[BlackClock "0:02:12"]
[Board "120"]

1. d4 e6 2. e4 b6 3. Bd3 Bb7 4. Qe2 Nf6 5. Nd2 c5 6. c3 cxd4 7. cxd4 Nc6 8. Ngf3 Nb4 9. O-O Nxd3 10. Qxd3 Be7 11. Re1 O-O 12. b3 d5 13. e5 Ne4 14. Bb2 Qd7 15. Rac1 Rfc8 16. h3 a5 17. Rxc8+ Rxc8 18. Rc1 h6 19. Kf1 Rxc1+ 20. Bxc1 Qc8 21. Qb1 Ba6+ 22. Kg1 Nc3 23. Qb2 Ne2+ 24. Kh2 Qxc1 0-1


[Site "https://www.chess.com"]

[Event "Titled Tuesday Blitz July 25 Early 2023"]
[White "Miszler, Levente"]
[Black "Ahmad, Khagan"]
[WhiteFideId "763276"]
[BlackFideId "13431552"]
[WhiteElo "2413"]
[BlackElo "2578"]
[Result "0-1"]
[Round "3"]
[TimeControl "180+2"]
[Date "2023.07.25"]
[WhiteClock "0:00:48"]
[BlackClock "0:00:19"]
[Board "121"]

1. Nf3 d5 2. c4 c6 3. g3 Nf6 4. Bg2 Bg4 5. O-O e6 6. d4 Nbd7 7. Nc3 Bd6 8. h3 Bxf3 9. Bxf3 O-O 10. e4 dxe4 11. Nxe4 Nxe4 12. Bxe4 Nf6 13. Bf3 e5 14. Kg2 e4 15. Be2 Nd7 16. Qb3 Qb6 17. c5 Qxb3 18. axb3 Bc7 19. Bc4 Nf6 20. Re1 Rfe8 21. Bg5 Nd5 22. Re2 f6 23. Bd2 f5 24. Bxd5+ cxd5 25. Ba5 f4 26. Bxc7 f3+ 27. Kf1 fxe2+ 28. Kxe2 a6 29. b4 Rac8 30. Bf4 Re6 31. Ra3 Rf6 32. h4 h6 33. Be5 Rf5 34. Bf4 g5 35. hxg5 hxg5 36. Be3 Rc6 37. Rb3 b5 38. Ra3 g4 39. Ra1 Rh5 40. Rc1 Kf7 41. Rd1 Ke6 42. Rc1 Kd7 43. Rg1 Kc7 44. Kf1 Kb7 45. Kg2 Rc8 46. Rc1 Kc6 47. Ra1 Kb7 48. Rc1 Rc6 49. Ra1 Rc7 50. Rc1 Kc6 51. Ra1 Kb7 52. Rc1 Rc8 53. Bf4 Rch8 54. c6+ Kc8 55. Rc5 Rh1 0-1


[Site "https://www.chess.com"]